 Dungeon Crawl Stone Soup version bcrawl-1.15.1 (webtiles) character file.

Game seed: 11612755741826178157

71 Chiseanne the Ducker (level 4, -4/33 HPs)
             Began as a Demonspawn Archaeologist on Sept 27, 2019.
             Slain by a bullfrog zombie (9 damage)
             ... on level 3 of the Dungeon.
             The game lasted 00:04:23 (2053 turns).

Chiseanne the Ducker (Demonspawn Archaeologist)     Turns: 2053, Time: 00:04:24

Health: -4/33      AC:  8    Str: 11    XL:     4   Next: 5%
Magic:  4/4        EV:  8    Int: 15    God:
Gold:   163        SH:  4    Dex: 13    Spells: 3/3 levels left

rFire    . . .     SeeInvis .   l - +0 hand axe
rCold    . . .     Gourm    .   (no shield)
rNeg     . . .     Faith    .   a - +0 ring mail
rPois    .         Spirit   .   c - +1 hat
rElec    .         Reflect  .   (no cloak)
rCorr    .         Harm     .   (no gloves)
MR       .....                  d - +1 pair of boots
Stlth    ++........             (no amulet)
HPRegen  0.11/turn              (no ring)
MPRegen  0.09/turn              (no ring)

@: constricted, studying Axes
A: hooves 1, large bone plates 1
a: no special abilities


You were on level 3 of the Dungeon.
You were not hungry.

You visited 1 branch of the dungeon, and saw 3 of its levels.

You collected 163 gold pieces.

Inventory:

Hand Weapons
 l - a +0 hand axe (weapon)
Missiles
 h - 508 stones (quivered)
 o - 87 javelins
 r - 122 bolts
Armour
 a - a +0 ring mail (worn)
 c - a +1 hat (worn)
 d - a +1 pair of boots (worn)
Wands
 s - a wand of random effects (2)
Scrolls
 i - 2 scrolls of identify
 j - a scroll of magic mapping {unknown}
 k - 2 scrolls of remove curse {unknown}
 m - a scroll of teleportation {unknown}
Potions
 n - a potion of curing
 p - a potion of degeneration {unknown}
 q - a potion of heal wounds {unknown}
Books
 e - a manual of Axes
Miscellaneous
 f - an ancient crate
Comestibles
 b - a chunk of flesh
 g - 3 rations {!d}


   Skills:
 - Level 2.1 Fighting
 + Level 3.1 Axes
   Level 0.8(2.1) Maces & Flails
 - Level 0.3 Armour
 - Level 3.2 Dodging
 - Level 3.0 Stealth


You had 3 spell levels left.
You didn't know any spells.
Your spell library was empty.

Dungeon Overview and Level Annotations

Branches:
Dungeon (3/12)

Altars:

Annotations:
D:2 Sigmund


Innate Abilities, Weirdness & Mutations

You have large cloven feet.
You are partially covered in large bone plates. (SH +4)


Message History

* * * LOW HITPOINT WARNING * * *
The ball python constricts you.
You hit the bullfrog zombie.
The bullfrog zombie is almost destroyed.
You hit the ball python but do no damage.
The bullfrog zombie hits you.
* * * LOW HITPOINT WARNING * * *
The ball python bites you but does no damage.
The ball python constricts you. You block the bullfrog zombie's attack.
You hit the bullfrog zombie but do no damage.
The bullfrog zombie is almost destroyed.
You hit the ball python. The ball python barely misses you.
The ball python constricts you. You block the bullfrog zombie's attack.
You hit the bullfrog zombie.
The bullfrog zombie is almost destroyed.
You hit the ball python but do no damage.
The ball python bites you but does no damage.
* * * LOW HITPOINT WARNING * * *
The ball python constricts you. The bullfrog zombie hits you!
You die...

#############
#...........#
#...........#
#...........#
............#
#.....Z.....#
#.....S@....#
....$.......##
.............#
.............#
.............#
############.#
#.# #.# #.#


You could see a bullfrog zombie and a ball python.

Vanquished Creatures
  An adder (D:2)
  2 worms (D:2)
  2 dart slugs
  5 leopard geckos
  A giant cockroach (D:2)
  6 goblins
  9 hobgoblins
  5 jackals
  3 bats (D:2)
  4 kobolds
  7 rats
45 creatures vanquished.

Notes
Turn   | Place    | Note
-------+----------+-------------------------------------------
     0 | D:1      | Chiseanne the Demonspawn Archaeologist began the quest for
                  | the Orb.
     0 | D:1      | Reached XP level 1. HP: 15/15 MP: 1/1
   294 | D:1      | Gained mutation: You are partially covered in large bone
                  | plates. (SH +4) [demonic ancestry]
   294 | D:1      | Reached XP level 2. HP: 18/22 MP: 2/2
   979 | D:2      | Noticed Sigmund
  1109 | D:2      | Gained mutation: You have large cloven feet. [demonic
                  | ancestry]
  1109 | D:2      | Reached XP level 3. HP: 23/27 MP: 3/3
  1196 | D:2      | Reached skill level 1 in Axes
  1732 | D:2      | Reached XP level 4. HP: 17/33 MP: 4/4
  2053 | D:3      | Slain by a bullfrog zombie

Skill      XL: |  1  2  3 |
---------------+----------+-----
Dodging        | 3 |  3.2
Fighting       | 2 |  2.1
Axes           | 3 |  3.1
Maces & Flails | |  0.8
Armour         | |  0.3
Stealth        | |  3.0

Action                   |  1- 3 |  4- 6 || total
-------------------------+-------+-------++-------
Melee: Whip              |    67 |       ||    67
       Hand axe          |   112 |    29 ||   141
  Use: Scroll            |     2 |       ||     2
       Potion            |     1 |       ||     1
 Stab: Sleeping          |     4 |       ||     4
  Eat: Chunk             |     3 |     1 ||     4
Armor: Robe              |    15 |       ||    15
       Ring mail         |    57 |    15 ||    72
Dodge: Dodged            |   125 |    13 ||   138
Block: Other             |    30 |     4 ||    34
